 Dungeon Crawl Stone Soup version 0.31-a0-1540-g5a0b83f448 (webtiles) character file.

Game seed: 945050236849156821

221 monsoonserge the Changeling (level 5, -4/33 HPs)
             Began as an Octopode Shapeshifter on Jan 2, 2024.
             Incinerated by a bombardier beetle (6 damage)
             ... with a burning spray
             ... on level 4 of the Dungeon.
             The game lasted 00:07:06 (2600 turns).

monsoonserge the Changeling (Octopode Shapeshifter) Turns: 2600, Time: 00:07:07

Health: -4/33      AC:  1    Str: 16    XL:     5   Next: 98%
Magic:  5/5        EV: 13    Int: 16    God:
Gold:   20         SH:  0    Dex: 17    Spells: 4/4 levels left

rFire   . . .        m - +3 short sword
rCold   . . .        (no shield)
rNeg    + . .        (helmet currently unavailable)
rPois   .            (no amulet)
rElec   .            p - +6 ring of dexterity
rCorr   .            s - ring of Mutualism {rN+ Int+4}
SInv    .            (no ring)
Will    +....        (no ring)
Stlth   +            (no ring)
HPRegen 0.25/turn    (no ring)
MPRegen 0.09/turn    (no ring)
                     (no ring)

%: no passive effects
@: on fire, beast-form, enlightened, flying, glowing
A: beast (slay +3), almost no armour, amphibious, 8 rings, camouflage 1,
gelatinous body 1, (nimble swimmer 1), tentacles
a: Begin Untransformation


You were on level 4 of the Dungeon.
You were a hulking beast.
You visited 1 branch of the dungeon, and saw 4 of its levels.

You collected 164 gold pieces.
You spent 144 gold pieces at shops.

Inventory:

Hand Weapons
 m - a +3 short sword (weapon)
Missiles
 u - 6 poisoned darts (quivered)
Magical Staves
 n - a staff of fire
 v - a staff of cold
Jewellery
 p - a +6 ring of dexterity (left tentacle)
 s - the ring of Mutualism (right tentacle) {rN+ Int+4}
   (You bought it in a shop on level 1 of the Dungeon)

   [ring of positive energy]

   Int+4:     It affects your intelligence (+4).
   rN+:       It protects you from negative energy.
Talismans
 b - a beast talisman
 c - a flux talisman
Wands
 t - a wand of paralysis (11)
Scrolls
 e - a scroll of blinking {unknown}
 h - a scroll of silence {unknown}
 i - 2 scrolls of enchant weapon {unknown}
 j - 2 scrolls of poison {unknown}
 o - 3 scrolls of teleportation {unknown}
 q - 2 scrolls of noise {unknown}
 r - a scroll of identify {unknown}
Potions
 a - a potion of lignification
 d - 2 potions of degeneration {unknown}
 f - 2 potions of curing {unknown}
 g - 2 potions of haste {unknown}
 k - 2 potions of enlightenment
 l - a potion of mutation {unknown}


   Skills:
 - Level 1.0 Fighting
 - Level 1.0 Short Blades
 - Level 2.0 Dodging
 - Level 3.0 Unarmed Combat
 * Level 5.9 Shapeshifting


You had 4 spell levels left.
You didn't know any spells.
Your spell library contained the following spells:

 Spells                   Type           Power      Damage    Failure   Level
 Freeze                   Ice            0%         1d3       26%         1
 Cigotuvi's Dreadful Rot  Necr/Alch/Air  0%         N/A       36%         2
 Dispel Undead            Necr           0%         3d6       94%         4
 Martyr's Knell           Necr/Summ      0%         N/A       94%         4
 Death Channel            Necr           0%         N/A       100%        6


Dungeon Overview and Level Annotations

Branches:
Dungeon (4/15)
 Temple: D:4-7

Altars:
Xom

Shops:
D:1 :*


Innate Abilities, Weirdness & Mutations

You are a hulking beast.
Your limbs bulge with bestial killing power. (Slay +3)
You cannot wear most types of armour.
You are amphibious.
You can wear up to eight rings at the same time.
Your skin changes colour to match your surroundings (Stealth+).
Your rubbery body absorbs attacks. (AC +1, EV +1)
((You are camouflaged when in or above water. (Stealth+)))
You have tentacles for arms and can constrict up to eight enemies at once.


Message History

The orc closely misses you. The orc misses you.
The orc hits you with a +0 club.
You hit the orc. You grab the orc. You squeeze the orc.
You kill the orc!
You constrict the orc. The orc closely misses you.
The orc hits you with a +0 club.
You hit the orc.
You kill the orc!
You constrict the orc. The orc hits you with a +0 club.
You hit the orc.
You kill the orc!
Things that are here:
a +0 club; an orc corpse The bombardier beetle sprays incendiary fluid at you.
The burning spray hits you.
You are covered in liquid fire!
You hit the bombardier beetle. You grab the bombardier beetle.
You squeeze the bombardier beetle.
The bombardier beetle is heavily wounded.
The liquid fire burns you!
You constrict the bombardier beetle.
The bombardier beetle closely misses you.
You hit the bombardier beetle. You squeeze the bombardier beetle.
The bombardier beetle is almost dead.
The liquid fire burns you!
* * * LOW HITPOINT WARNING * * *
You constrict the bombardier beetle. You puncture the bombardier beetle!
You kill the bombardier beetle!
The liquid fire burns you!
* * * LOW HITPOINT WARNING * * *
You shake off some of the fire as you move.
The liquid fire burns you!
* * * LOW HITPOINT WARNING * * *
You see here a bombardier beetle corpse.
It was a potion of enlightenment.
You feel very buoyant.
You fly up into the air.
The liquid fire burns you!
You die...

.....# ....# .....#
....# .##..# ...###
.#############....#
.##..#...#...#)...+
..#..'...#...')...#
..'..#...#...#)...#
..#..#...#...#....#
.######'####'#..h.##
.#......................
.'......................
.#......................
##......................
........................
........................
..#########....###+##+##
..# #....#


There were no monsters in sight!

Vanquished Creatures
  A scorpion (D:4)
  A bombardier beetle (D:4)
  Ijyb (D:3)
  A gnoll (D:2)
  4 adders
  A dart slug (D:2)
  A ribbon worm (D:2)
  4 orcs
  2 ball pythons
  3 endoplasms
  2 giant cockroaches
  2 goblins
  7 hobgoblins
  5 jackals
  A quokka (D:3)
  7 bats
  4 frilled lizards
  3 kobolds
  4 rats
54 creatures vanquished.

Notes
Turn   | Place    | Note
-------+----------+-------------------------------------------
     0 | D:1      | monsoonserge the Octopode Shapeshifter began the quest for
                  | the Orb.
     0 | D:1      | Reached XP level 1. HP: 13/13 MP: 1/1
    83 | D:1      | Reached XP level 2. HP: 18/18 MP: 2/2
   197 | D:1      | Found Suenewk's Assorted Antiques.
   202 | D:1      | Bought a scroll labelled BUCOUT ARCHUHADAGAH for 24 gold
                  | pieces
   216 | D:1      | Found Peos's Vocational Training.
   709 | D:2      | Found a shimmering altar of Xom.
   915 | D:2      | Found a faded altar of an unknown god.
   923 | D:2      | Reached skill level 4 in Shapeshifting
   923 | D:2      | Reached XP level 3. HP: 15/23 MP: 3/3
   975 | D:2      | Got Plato's Compilation of Algor
  1214 | D:2      | Reached XP level 4. HP: 17/28 MP: 4/4
  1779 | D:1      | Bought a slimy ivory ring for 120 gold pieces
  1779 | D:1      | Identified the ring of Mutualism {rN+ Int+4} (You bought it
                  | in a shop on level 1 of the Dungeon)
  1888 | D:3      | Noticed Ijyb
  1895 | D:3      | Paralysed by Ijyb for 3 turns
  1902 | D:3      | Killed Ijyb
  1903 | D:3      | Reached skill level 1 in Short Blades
  1903 | D:3      | Reached skill level 5 in Shapeshifting
  1903 | D:3      | Reached XP level 5. HP: 8/33 MP: 5/5
  2599 | D:4      | HP: 1/33 [burnt (4)]
  2600 | D:4      | Incinerated by a bombardier beetle

Illustrated notes

Levels and vault maps discovered:
D:1:      shiori_arrival_oz, layout_basic, serial_shops,
          nicolae_shop_hallway_plus, chequers_decorated_corner,
          minmay_misc_feat_pillars, st_stairs_3, nicolae_shop_vocational
D:2:      layout_loops_ring, basic_altar, shapermc_ecumenical_altar_rom_forum,
          minmay_tromino_mix6
D:3:      layout_rooms, uniq_ijyb
D:4:      layout_gridville, kennysheep_diamond

Skill      XL: |  1  2  3  4 |
---------------+-------------+-----
Shapeshifting  | 4 5 |  5.9
Short Blades   | 1 |  1.0
Fighting       | |  1.0
Dodging        | |  2.0
Unarmed Combat | |  3.0

Action                     |  1- 3 |  4- 6 || total
---------------------------+-------+-------++-------
  Melee: Unarmed           |    20 |       ||    20
         Constrict         |    13 |    16 ||    29
         Tentacles         |     5 |    12 ||    17
         Short sword       |    35 |    51 ||    86
         Punch             |     1 |     1 ||     2
    Use: Potion            |       |     1 ||     1
   Stab: Sleeping          |     6 |     4 ||    10
 Armour: Skin              |    19 |    23 ||    42
  Dodge: Dodged            |    27 |    26 ||    53

Table legend: (Time is in decaauts)
 A = Elapsed time spent in this place.
 B = Non-inter-level travel time spent in this place.
 C = Inter-level travel time spent in this place.
 D = Time resting spent in this place.
 E = Time spent auto-exploring this place.
 F = Levels seen in this place.
 G = Mean time per level.
                   A        B        C        D        E       F      G
               +--------+--------+--------+--------+--------+-----+--------+
         Total |   2597 |   2392 |    205 |    336 |   1327 |   4 |  649.2 |
       Dungeon |   2597 |   2392 |    205 |    336 |   1327 |   4 |  649.2 |
               +--------+--------+--------+--------+--------+-----+--------+

Top non-repeatable levels by time:
     D:2: 1006 daAuts
     D:1: 726 daAuts
     D:3: 586 daAuts
     D:4: 277 daAuts
